| TOP OF THE 1ST |
|
Jackson Generals batting - Pitching for Akron RubberDucks : LHP Fred Kelly
|
|
Pitching: LHP Fred Kelly
|
|
|
Batting: SHB Detlef Oursler
|
0-0: Ball 1-0: Ball 2-0: Foul Ball, location: 2F 2-1: Ground out 6-3 (Groundball, 6, EV 85.0 MPH)
|
|
Batting: RHB Robby Cuellar
|
0-0: Ground out 6-3 (Groundball, 6S, EV 86.9 MPH)
|
|
Batting: SHB Jose Castillo
|
0-0: Ground out 4-3 (Groundball, 4, EV 103.8 MPH)
|
| Top of the 1st over - 0 runs, 0 hits, 0 errors, 0 left on base; Jackson 0 - Akron 0 |
| BOTTOM OF THE 1ST |
|
Akron RubberDucks batting - Pitching for Jackson Generals : RHP David Lane
|
|
Pitching: RHP David Lane
|
|
|
Batting: LHB Nick Welling
|
0-0: Called Strike 0-1: Foul Ball, location: 2F 0-2: Strikes out swinging
|
|
Batting: LHB Justin Rankin
|
0-0: Ball 1-0: Ball 2-0: Foul Ball, location: 2F 2-1: Foul Ball, location: 2F 2-2: Strikes out swinging
|
|
Batting: LHB Costodio Varino
|
0-0: Ball 1-0: Foul Ball, location: 2F 1-1: Swinging Strike 1-2: Foul Ball, location: 2F 1-2: Ball 2-2: SOLO HOME RUN (Flyball, 78XD, EV 99.4 MPH), Distance : 394 ft
|
|
Batting: LHB Sam Ogg
|
0-0: Called Strike 0-1: Called Strike 0-2: Ground out 5-3 (Groundball, 56, EV 110.0 MPH)
|
| Bottom of the 1st over - 1 run, 1 hit, 0 errors, 0 left on base; Jackson 0 - Akron 1 |
| TOP OF THE 2ND |
|
Jackson Generals batting - Pitching for Akron RubberDucks : LHP Fred Kelly
|
|
Batting: RHB Josh Ruhl
|
0-0: Ball 1-0: Called Strike 1-1: SINGLE (Groundball, 25, EV 71.9 MPH) (infield hit)
|
|
Batting: LHB Jawad Fahad
|
0-0: Swinging Strike 0-1: Foul Ball, location: 2F 0-2: Fly out, F8 (Flyball, 8LXD, EV 96.9 MPH)
|
|
Batting: RHB Micah Roth
|
0-0: Called Strike Passed Ball! Josh Ruhl to second 0-1: Ball 1-1: Ball 2-1: Ball 3-1: Called Strike 3-2: Base on Balls
|
|
Batting: SHB Tony de Lara
|
0-0: Called Strike 0-1: Swinging Strike 0-2: Foul Ball, location: 2F 0-2: Ball 1-2: Ball 2-2: Strikes out swinging
|
|
Batting: RHB Matt Berkley
|
0-0: Fielders Choice at 2nd, 5-4 (Groundball, 56, EV 98.8 MPH)
|
| Top of the 2nd over - 0 runs, 1 hit, 0 errors, 2 left on base; Jackson 0 - Akron 1 |
| BOTTOM OF THE 2ND |
|
Akron RubberDucks batting - Pitching for Jackson Generals : RHP David Lane
|
|
Batting: RHB Willie Gonzales
|
0-0: Called Strike 0-1: Ball 1-1: Fly out, F8 (Flyball, 8LD, EV 83.8 MPH)
|
|
Batting: SHB Arturo Baez
|
0-0: Ball 1-0: Called Strike 1-1: Foul Ball, location: 2F 1-2: Strikes out swinging
|
|
Batting: RHB Eric Kuck
|
0-0: Ball 1-0: Ball 2-0: Ball 3-0: Base on Balls
|
|
Batting: RHB Adrian Martinelli
|
0-0: Called Strike 0-1: Ball 1-1: Foul Ball, location: 2F 1-2: Fly out, F8 (Line Drive, 8RM, EV 90.6 MPH)
|
| Bottom of the 2nd over - 0 runs, 0 hits, 0 errors, 1 left on base; Jackson 0 - Akron 1 |
| TOP OF THE 3RD |
|
Jackson Generals batting - Pitching for Akron RubberDucks : LHP Fred Kelly
|
|
Batting: LHB Ignacio Bernal
|
0-0: Ground out 6-3 (Groundball, 6, EV 91.9 MPH)
|
|
Batting: SHB Detlef Oursler
|
0-0: Ground out 4-3 (Groundball, 4D, EV 98.8 MPH)
|
|
Batting: RHB Robby Cuellar
|
0-0: Ball 1-0: Fly out, F9 (Flyball, 9LS, EV 91.2 MPH)
|
| Top of the 3rd over - 0 runs, 0 hits, 0 errors, 0 left on base; Jackson 0 - Akron 1 |
| BOTTOM OF THE 3RD |
|
Akron RubberDucks batting - Pitching for Jackson Generals : RHP David Lane
|
|
Batting: LHB Yasuo Igarashi
|
0-0: Ball 1-0: Ball 2-0: Ball 3-0: Base on Balls
|
|
Batting: LHB Nick Welling
|
0-0: Ball 1-0: Called Strike 1-1: SINGLE (Line Drive, 56D, EV 104.4 MPH) Yasuo Igarashi to second
|
|
Batting: LHB Justin Rankin
|
0-0: Fielders Choice at 2nd, 1-6 (Groundball, 34S, EV 74.4 MPH) Yasuo Igarashi to third
|
|
Batting: LHB Costodio Varino
|
0-0: Foul Ball, location: 2F 0-1: Foul Ball, location: 2F 0-2: Strikes out swinging
|
|
Batting: LHB Sam Ogg
|
0-0: Foul Ball, location: 2F 0-1: 3-RUN HOME RUN (Flyball, 7D, EV 99.4 MPH), Distance : 368 ft
|
|
Batting: RHB Willie Gonzales
|
0-0: Ground out 4-3 (Groundball, 34, EV 92.5 MPH)
|
| Bottom of the 3rd over - 3 runs, 2 hits, 0 errors, 0 left on base; Jackson 0 - Akron 4 |
| TOP OF THE 4TH |
|
Jackson Generals batting - Pitching for Akron RubberDucks : LHP Fred Kelly
|
|
Batting: SHB Jose Castillo
|
0-0: Ball 1-0: Called Strike 1-1: SINGLE (Flyball, 8LS, EV 90.6 MPH)
|
|
Batting: RHB Josh Ruhl
|
0-0: Ball 1-0: Called Strike 1-1: Ball 2-1: Ball 3-1: Grounds into double play, 5-4-3 (Groundball, 56, EV 86.2 MPH)
|
|
Batting: LHB Jawad Fahad
|
0-0: Called Strike 0-1: Ball 1-1: Ball 2-1: Called Strike 2-2: Ball 3-2: Ground out 4-3 (Groundball, 4, EV 83.8 MPH)
|
| Top of the 4th over - 0 runs, 1 hit, 0 errors, 0 left on base; Jackson 0 - Akron 4 |
| BOTTOM OF THE 4TH |
|
Akron RubberDucks batting - Pitching for Jackson Generals : RHP David Lane
|
|
Batting: SHB Arturo Baez
|
0-0: Ball 1-0: Called Strike 1-1: SINGLE (Flyball, 5D, EV 91.9 MPH)
|
|
Batting: RHB Eric Kuck
|
0-0: Swinging Strike 0-1: Called Strike 0-2: Foul Ball, location: 2F 0-2: Strikes out swinging
|
|
Batting: RHB Adrian Martinelli
|
0-0: Ball 1-0: Ball 2-0: Ball 3-0: Called Strike 3-1: Grounds into double play, 6-4-3 (Groundball, 6, EV 105.6 MPH)
|
| Bottom of the 4th over - 0 runs, 1 hit, 0 errors, 0 left on base; Jackson 0 - Akron 4 |
| TOP OF THE 5TH |
|
Jackson Generals batting - Pitching for Akron RubberDucks : LHP Fred Kelly
|
|
Batting: RHB Micah Roth
|
0-0: Ball 1-0: Ball 2-0: Swinging Strike 2-1: Foul Ball, location: 2F 2-2: Strikes out swinging
|
|
Batting: SHB Tony de Lara
|
0-0: Ball 1-0: Foul Ball, location: 2F 1-1: Swinging Strike 1-2: Strikes out swinging
|
|
Batting: RHB Matt Berkley
|
0-0: Ground out 5-3 (Groundball, 56, EV 88.8 MPH)
|
| Top of the 5th over - 0 runs, 0 hits, 0 errors, 0 left on base; Jackson 0 - Akron 4 |
| BOTTOM OF THE 5TH |
|
Akron RubberDucks batting - Pitching for Jackson Generals : RHP David Lane
|
|
Batting: LHB Yasuo Igarashi
|
0-0: Ball 1-0: Ball 2-0: Called Strike 2-1: Foul Ball, location: 2F 2-2: Ground out U3 (Groundball, 13, EV 78.8 MPH)
|
|
Batting: LHB Nick Welling
|
0-0: Ball 1-0: Ball 2-0: Called Strike 2-1: Ball 3-1: Base on Balls
|
|
Batting: LHB Justin Rankin
|
0-0: Called Strike Nick Welling is caught stealing 2nd base 2-6 0-1: Ball 1-1: Called Strike 1-2: Ground out 5-3 (Groundball, 56, EV 96.2 MPH)
|
| Bottom of the 5th over - 0 runs, 0 hits, 0 errors, 0 left on base; Jackson 0 - Akron 4 |
| TOP OF THE 6TH |
|
Jackson Generals batting - Pitching for Akron RubberDucks : LHP Fred Kelly
|
|
Batting: LHB Ignacio Bernal
|
0-0: Ball 1-0: SINGLE (Groundball, 6M, EV 94.4 MPH) (infield hit)
|
|
Batting: SHB Detlef Oursler
|
0-0: Called Strike 0-1: Ball 1-1: Swinging Strike 1-2: Strikes out swinging
|
|
Batting: RHB Robby Cuellar
|
0-0: Ball 1-0: Called Strike 1-1: Swinging Strike 1-2: Fly out, F8 (Flyball, 8LM, EV 92.5 MPH)
|
|
Batting: SHB Jose Castillo
|
0-0: DOUBLE (Groundball, 5L, EV 95.6 MPH) Ignacio Bernal to third Runner from 3rd tries for Home, SAFE, throw by LF to trailing runner, OUT at third! 7-3-5
|
| Top of the 6th over - 1 run, 2 hits, 0 errors, 0 left on base; Jackson 1 - Akron 4 |
| BOTTOM OF THE 6TH |
|
Akron RubberDucks batting - Pitching for Jackson Generals : RHP David Lane
|
|
Batting: LHB Costodio Varino
|
0-0: Foul Ball, location: 2F 0-1: Foul Ball, location: 2F 0-2: SINGLE (Line Drive, 6MD, EV 100.0 MPH)
|
|
Batting: LHB Sam Ogg
|
0-0: Foul Ball, location: 2F 0-1: Fly out, F8 (Flyball, 8LM, EV 83.8 MPH)
|
|
Batting: RHB Willie Gonzales
|
0-0: Hit by Pitch Costodio Varino to second
|
|
Batting: SHB Arturo Baez
|
0-0: Foul Ball, location: 2F 0-1: Ball 1-1: Foul Ball, location: 2F 1-2: Ball 2-2: Foul Ball, location: 2F 2-2: Foul Ball, location: 2F 2-2: Ball 3-2: Base on Balls Costodio Varino to third Willie Gonzales to second
|
|
Pitching: RHP Adam Fair
|
|
|
Batting: RHB Eric Kuck
|
0-0: Ball 1-0: Ball 2-0: Swinging Strike 2-1: Ball 3-1: Called Strike 3-2: Fly out, F9 (Flyball, 9S, EV 81.9 MPH)
|
|
Batting: RHB Adrian Martinelli
|
0-0: Called Strike 0-1: Foul Ball, location: 2F 0-2: Ball 1-2: Strikes out swinging
|
| Bottom of the 6th over - 0 runs, 1 hit, 0 errors, 3 left on base; Jackson 1 - Akron 4 |
| TOP OF THE 7TH |
|
Jackson Generals batting - Pitching for Akron RubberDucks : LHP Fred Kelly
|
|
Batting: RHB Josh Ruhl
|
0-0: Foul Ball, location: 2F 0-1: Ball 1-1: Ball 2-1: Ball 3-1: Base on Balls
|
|
Batting: LHB Jawad Fahad
|
0-0: Called Strike 0-1: Called Strike 0-2: Ball 1-2: Ball 2-2: SINGLE (Groundball, 34D, EV 100.0 MPH) Josh Ruhl to second Runner from 2nd tries for 3rd, SAFE, throw by RF made to third Jawad Fahad to second
|
|
Batting: RHB Micah Roth
|
0-0: Called Strike 0-1: Foul Ball, location: 2F 0-2: Ball 1-2: Ground out 6-3 (Groundball, 6, EV 85.0 MPH) Josh Ruhl scores
|
|
Batting: SHB Tony de Lara
|
0-0: Called Strike 0-1: Swinging Strike 0-2: Ball 1-2: Hit by Pitch
|
|
Batting: RHB Matt Berkley
|
0-0: Ball 1-0: Ball 2-0: Ground out 5-3 (Groundball, 5S, EV 70.6 MPH) Jawad Fahad to third Tony de Lara to second
|
|
Pinch Hitting: RHB Joe Stading
|
0-0: Foul Ball, location: 2F 0-1: Foul Ball, location: 2F 0-2: Foul Ball, location: 2F 0-2: Ball 1-2: Ball 2-2: Ground out 5-3 (Groundball, 5, EV 81.9 MPH)
|
| Top of the 7th over - 1 run, 1 hit, 0 errors, 2 left on base; Jackson 2 - Akron 4 |
| BOTTOM OF THE 7TH |
|
Akron RubberDucks batting - Pitching for Jackson Generals : RHP Adam Fair
|
|
Now in LF: Micah Roth
|
|
|
Now in CF: Jose Castillo
|
|
|
Now in RF: Joe Stading
|
|
|
Batting: LHB Yasuo Igarashi
|
0-0: Foul Ball, location: 2F 0-1: Ball 1-1: Ball 2-1: Swinging Strike 2-2: Strikes out looking
|
|
Batting: LHB Nick Welling
|
0-0: Ball 1-0: Foul Ball, location: 2F 1-1: Ball 2-1: Foul Ball, location: 2F 2-2: Ball 3-2: Ground out U3 (Groundball, 3, EV 81.2 MPH)
|
|
Batting: LHB Justin Rankin
|
0-0: Ball 1-0: Foul Ball, location: 2F 1-1: Ball 2-1: Foul Ball, location: 2F 2-2: Ball 3-2: Base on Balls
|
|
Batting: LHB Costodio Varino
|
0-0: Ball 1-0: Called Strike 1-1: Ball 2-1: Called Strike 2-2: Ball 3-2: Strikes out looking
|
| Bottom of the 7th over - 0 runs, 0 hits, 0 errors, 1 left on base; Jackson 2 - Akron 4 |
| TOP OF THE 8TH |
|
Jackson Generals batting - Pitching for Akron RubberDucks : LHP Fred Kelly
|
|
Pitching: LHP Victor Garcia
|
|
|
Batting: SHB Detlef Oursler
|
0-0: SINGLE (Groundball, 4, EV 98.8 MPH)
|
|
Batting: RHB Robby Cuellar
|
0-0: Ball 1-0: Fly out, F9 (Flyball, 9LS, EV 86.9 MPH)
|
|
Batting: SHB Jose Castillo
|
0-0: Grounds into double play, 6-4-3 (Groundball, 6, EV 83.8 MPH)
|
| Top of the 8th over - 0 runs, 1 hit, 0 errors, 0 left on base; Jackson 2 - Akron 4 |
| BOTTOM OF THE 8TH |
|
Akron RubberDucks batting - Pitching for Jackson Generals : RHP Adam Fair
|
|
Pitching: RHP Jamie Johnston
|
|
|
Batting: LHB Sam Ogg
|
0-0: Called Strike 0-1: Called Strike 0-2: Ball 1-2: Ball 2-2: Ball 3-2: Base on Balls
|
|
Batting: RHB Willie Gonzales
|
0-0: Grounds into double play, 4-6-3 (Groundball, 4D, EV 83.8 MPH)
|
|
Batting: SHB Arturo Baez
|
0-0: Ball 1-0: Called Strike 1-1: Called Strike 1-2: Strikes out looking
|
| Bottom of the 8th over - 0 runs, 0 hits, 0 errors, 0 left on base; Jackson 2 - Akron 4 |
| TOP OF THE 9TH |
|
Jackson Generals batting - Pitching for Akron RubberDucks : LHP Victor Garcia
|
|
Pitching: RHP Mike Shields
|
|
|
Batting: RHB Josh Ruhl
|
0-0: Called Strike 0-1: Ground out 6-3 (Groundball, 6, EV 88.8 MPH)
|
|
Batting: LHB Jawad Fahad
|
0-0: Ball 1-0: Ball 2-0: Ball 3-0: Called Strike 3-1: Base on Balls
|
|
Batting: RHB Micah Roth
|
0-0: Fielders Choice at 2nd, 5-4 (Groundball, 5, EV 81.9 MPH)
|
|
Batting: SHB Tony de Lara
|
0-0: Called Strike 0-1: Ball 1-1: Ball 2-1: Swinging Strike 2-2: Strikes out swinging
|
| Top of the 9th over - 0 runs, 0 hits, 0 errors, 1 left on base; Jackson 2 - Akron 4 |
|